 Dungeon Crawl Stone Soup version 0.22-a0-772-gac08f70 (webtiles) character file.

8 Amnesiac the Digger (level 2, 0/19 HPs)
             Began as a Demonspawn Earth Elementalist on July 17, 2018.
             Slain by a hobgoblin
             ... wielding a +0 club
              (6 damage)
             ... on level 1 of the Dungeon.
             The game lasted 00:01:01 (439 turns).

Amnesiac the Digger (Demonspawn Earth Elementalist)  Turns: 439, Time: 00:01:03

Health: 0/19       AC:  4    Str:  8    XL:     2   Next: 0%
Magic:  5/5        EV: 12    Int: 16    God:
Gold:   10         SH:  0    Dex: 13    Spells: 5/6 levels left

rFire    . . .     SeeInvis .   j - +0 short sword
rCold    . . .     Gourm    .   (no shield)
rNeg     . . .     Faith    .   c - +0 robe
rPois    .         Spirit   .   (helmet restricted)
rElec    .         Reflect  .   (no cloak)
rCorr    .         Harm     .   (no gloves)
MR       .....                  a - +1 pair of boots
Stlth    ++........             (no amulet)
HPRegen  0.06/turn              (no ring)
MPRegen  0.09/turn              (no ring)

@: no status effects
A: antennae 1
a: no special abilities


You were on level 1 of the Dungeon.
You were not hungry.

You visited 1 branch of the dungeon, and saw 1 of its levels.

You collected 10 gold pieces.

Inventory:

Hand Weapons
 h - a +0 mace
 j - a +0 short sword (weapon)
Missiles
 b - 47 stones (quivered)
Armour
 a - a +1 pair of boots (worn)
 c - a +0 robe (worn)
Scrolls
 e - a scroll of remove curse {!r, unknown}
 f - a scroll of immolation {!r, unknown}
 k - a scroll of blinking {!r, unknown}
Potions
 i - a potion of curing {!q, unknown}
Comestibles
 d - a ration
 g - 2 chunks of flesh


   Skills:
 - Level 1.7 Dodging
 + Level 1.7 Stealth
 + Level 2.6 Spellcasting
   Level 0.8 Transmutations
 + Level 2.6 Earth Magic


You had 5 spell levels left.
You knew the following spells:

 Your Spells              Type           Power        Failure   Level  Hunger
a - Sandblast             Erth           ##....       6%          1    #......

Your spell library contained the following spells:

 Spells                   Type           Power        Failure   Level  Hunger
 Stone Arrow              Conj/Erth      #.....       32%         3    ###....
 Passwall                 Tmut/Erth      #.......     14%         2    ##.....
 Lee's Rapid Deconstruct  Erth           ##........   87%         5    ######.
 Petrify                  Tmut/Erth      #.......     67%         4    #####..


Dungeon Overview and Level Annotations

Branches:
Dungeon (1/15)

Altars:


Innate Abilities, Weirdness & Mutations

You have a pair of small antennae on your head.


Message History

You butcher the frilled lizard corpse.
g - a chunk of flesh You see here a frilled lizard skeleton. x2
Things that are here:
a club; a goblin corpse You butcher the goblin corpse.
g - 2 chunks of flesh (gained 1)
You see here a club.
The rat is too close now for your liking.
You see here a club.
You see here a mace.
h - a mace Wield which item (- for none, * to show all)? (? for menu, Esc to quit)
h - a +0 mace (weapon)
Found a short sword.
The rat barely misses you.
You closely miss the rat. The rat bites you but does no damage.
You hit the rat.
You kill the rat!
No target in view!
HP restored.
i - an amethyst potion {!q} No target in view!
Found a robe.
You see here a short sword.
j - a short sword Wield which item (- for none, * to show all)? (? for menu, Esc to quit)
j - a +0 short sword (weapon)
Found a stone staircase leading down.
A goblin comes into view. It is wielding a dagger.
A hobgoblin comes into view. It is wielding a club.
The hobgoblin shouts!
The goblin shouts!
You see here a scroll labeled BEB RORUIFUIL {!r}.
k - a scroll labeled BEB RORUIFUIL {!r} You barely miss the goblin.
The goblin hits you but does no damage. The goblin hits you with a dagger.
The hobgoblin closely misses you.
You barely miss the goblin. The goblin hits you with a dagger.
The hobgoblin hits you but does no damage.
You hit the goblin.
The goblin is moderately wounded.
The goblin completely misses you. The hobgoblin barely misses you.
Found a scroll labeled ROMPAKLORR.
You closely miss the goblin.
The goblin is moderately wounded.
You closely miss the goblin. The goblin completely misses you.
You hit the goblin.
You kill the goblin!
Training target 2.6 for Spellcasting reached!
You need to enable at least one skill for training.
You have reached level 2!
Your demonic ancestry asserts itself...
A pair of antennae grows on your head! The hobgoblin hits you with a club.
You closely miss the hobgoblin. The hobgoblin hits you with a club.
You barely miss the hobgoblin. The hobgoblin hits you with a club.
* * * LOW HITPOINT WARNING * * *
You hit the hobgoblin but do no damage. The hobgoblin hits you with a club.
* * * LOW HITPOINT WARNING * * *
You barely miss the hobgoblin.
The hobgoblin hits you but does no damage.
You hit the hobgoblin.
The hobgoblin is almost dead.
The hobgoblin hits you with a club.
You die...

.....#..........#
................#
...............##
........#.....##
.##.###...#####
.#.####......#
.............#
.............#
..#.##@)....#
.....##g....#
............#
......#.....#
?.....#.[...#
..... ......#
.....##..>..#
.... ..#..## ####
#.##..


You could see a hobgoblin.

Vanquished Creatures
  A giant cockroach (D:1)
  2 goblins (D:1)
  2 frilled lizards (D:1)
  A kobold (D:1)
  3 rats (D:1)
9 creatures vanquished.

Notes
Turn   | Place    | Note
-------+----------+-------------------------------------------
     0 | D:1      | Amnesiac the Demonspawn Earth Elementalist began the quest for the Orb.
     0 | D:1      | Reached XP level 1. HP: 13/13 MP: 3/3
   434 | D:1      | Gained mutation: You have a pair of small antennae on your head. [demonic ancestry]
   434 | D:1      | Reached XP level 2. HP: 13/19 MP: 5/5
   439 | D:1      | Slain by a hobgoblin

Vault maps used:
D:1:      minmay_arrival_wavy_path

Action                   || total
-------------------------++-------
Melee: Unarmed           ||    27
       Short sword       ||    11
       Mace              ||     2
 Cast: Sandblast         ||     5
Armor: Robe              ||    12
Dodge: Dodged            ||    25

Table legend:
 A = Spawn XP
 B = Non-spawn XP
 C = Spawn XP percentage of total XP
 D = Spawn monster count
 E = Non-spawn monster count
 F = Spawn count percentage of total count
 G = Total turns spent on level
                    A         B        C        D         E        F      G
               +---------+---------+-------+---------+---------+-------+---------
         Total |       0 |      12 |   0.0 |       0 |       9 |   0.0 |   439
               +---------+---------+-------+---------+---------+-------+---------
           D:1 |       0 |      12 |   0.0 |       0 |       9 |   0.0 |   439
               +---------+---------+-------+---------+---------+-------+---------
